 Dungeon Crawl Stone Soup version 0.22-a0-480-g991dd4b (webtiles) character file.

6083 KillYourself the Cleaver (level 10, -7/84 HPs)
             Began as a Minotaur Fighter on June 16, 2018.
             Was an Elder of Makhleb.
             Killed by divine providence
             ... invoked by a smoke demon
             ... summoned by the player character
              (16 damage)
             ... on level 1 of the Lair of Beasts.
             The game lasted 00:26:29 (6479 turns).

KillYourself the Cleaver (Minotaur Fighter)         Turns: 6479, Time: 00:26:30

Health: -7/84      AC: 23    Str: 24 (26) XL:     10   Next: 58%
Magic:  18/18      EV:  7    Int:  4 (5)  God:    Makhleb [****..]
Gold:   424        SH: 15    Dex:  8 (10) Spells: 9/9 levels left

rFire    x . .     SeeInvis .   a - +4 war axe
rCold    . . .     Gourm    .   c - +1 shield
rNeg     . . .     Faith    .   C - +1 plate armour
rPois    .         Spirit   .   (helmet unavailable)
rElec    .         Reflect  +   q - +0 cloak
rCorr    .         Harm     .   (no gloves)
MR       +++..                  u - +2 pair of boots
Stlth    ..........             B - +3 amulet of reflection
HPRegen  0.00/turn              o - +4 ring of protection
MPRegen  0.16/turn              A - ring "Fec Paell" {rF- MR+++ MP+9 Str+2 Slay+2}

@: berserk cooldown
A: retaliatory headbutt, horns 3, blink, inhibited regeneration
a: Blink, Minor Destruction, Lesser Servant of Makhleb, Major Destruction,
Renounce Religion


You were on level 1 of the Lair of Beasts.
You worshipped Makhleb.
Makhleb was greatly pleased with you.
You were hungry.

You visited 3 branches of the dungeon, and saw 11 of its levels.

You collected 424 gold pieces.

Inventory:

Hand Weapons
 a - a +4 war axe (weapon)
Armour
 b - a +0 scale mail
 c - a +1 shield (worn)
 k - a +0 pair of boots
 q - a +0 cloak (worn)
 u - a +2 pair of boots (worn)
 C - a +1 plate armour (worn)
Jewellery
 o - a +4 ring of protection (left hand)
 s - an uncursed ring of protection from magic
 v - an uncursed ring of magical power
 w - an uncursed ring of stealth
 x - a cursed ring of loudness
 y - an uncursed ring of ice {unknown}
 z - an uncursed ring of protection from magic
 A - the ring "Fec Paell" (right hand) {rF- MR+++ MP+9 Str+2 Slay+2}
   (You found it on level 6 of the Dungeon)

   [ring of magical power]

   It affects your strength (+2).
   It affects your accuracy and damage with ranged weapons and melee attacks
   (+2).
   It makes you vulnerable to fire.
   It affects your resistance to hostile enchantments.
   It affects your magic capacity (+9).
 B - a +3 amulet of reflection (around neck)
 D - an uncursed amulet of magic regeneration
Wands
 i - a wand of clouds (16)
 r - a wand of flame (25)
 H - a wand of iceblast (6)
Scrolls
 e - 4 scrolls of teleportation
 j - 8 scrolls of remove curse
 t - a scroll of fog
 J - a scroll of enchant weapon
 L - a scroll of identify
Potions
 d - a potion of might
 g - 3 potions of curing
 l - 3 potions of agility
 m - 4 potions of haste
 p - a potion of lignification
 F - a potion of magic
Comestibles
 f - 15 rations
 I - 10 chunks of flesh


   Skills:
 + Level 6.9 Fighting
 * Level 14.2 Axes
 + Level 7.8 Armour
 + Level 3.4 Dodging
 + Level 0.6 Stealth
 + Level 7.9 Shields


You had 9 spell levels left.
You didn't know any spells.
Your spell library contained the following spells:

 Spells                   Type           Power        Failure   Level  Hunger
 Summon Ice Beast         Ice/Summ       #.......     100%        4    #####..
 Sting                    Conj/Pois      #...         100%        1    ##.....
 Shadow Creatures         Summ           N/A          100%        6    #######
 Call Canine Familiar     Summ           #.......     100%        3    ####...
 Summon Butterflies       Summ           #.......     100%        1    ##.....
 Alistair's Intoxication  Tmut/Pois      #.......     100%        5    ######.
 Summon Hydra             Summ           #.........   100%        7    #######
 Summon Mana Viper        Hex/Summ       #.......     100%        5    ######.
 Poisonous Vapours        Pois/Air       #.....       100%        2    ###....


Dungeon Overview and Level Annotations

Branches:
Dungeon (9/15)             Temple (1/1) D:4            Lair (1/6) D:9
    Orc: D:9-12

Altars:
Cheibriados
Dithmenos
Elyvilon
Fedhas
Hepliaklqana
Kikubaaqudgha
Makhleb
Nemelex Xobeh
Okawaru
Ru
Sif Muna
Trog
Uskayaw
Vehumet
Wu Jian
Xom
Yredelemnul
The Shining One

Shops:
D:5 [


Innate Abilities, Weirdness & Mutations

You reflexively headbutt those who attack you in melee.
You have a pair of large horns on your head.
You can translocate small distances at will.
You do not regenerate when monsters are visible.


Message History

You hit the komodo dragon but do no damage.
You headbutt the komodo dragon.
The komodo dragon is moderately wounded.
You hit the fungus. The smoke demon gestures at you. Makhleb smites you!
Your shield and plate armour prevent you from hitting the komodo dragon.
Your headbutt misses the komodo dragon.
The komodo dragon is moderately wounded.
You slash the fungus!
You destroy the fungus!
The komodo dragon bites you!
* * * LOW HITPOINT WARNING * * *
You are feeling hungry.
The smoke demon gestures at you. Makhleb smites you!
* * * LOW HITPOINT WARNING * * *
The smoke demon gestures at you. Makhleb smites you!
You die...

##..........#.......###
#..
..................## P
###.................#
#................#
##...........33..#
#(.#.##.........#
#...### ##........##
... ##...l....### ..
##..@....... #
#.......... ##.........
##.....### ##...## ..##
..# #..


You could see a komodo dragon and 2 smoke demons.

Vanquished Creatures
  A two-headed ogre (D:6)
  2 spiny frogs (Lair:1)
  A troll (D:7)
  2 hippogriffs (D:7)
  A wyvern (D:9)
  5 orc warriors
  A sky beast (D:9)
  4 ice beasts
  A phantom (D:9)
  2 necrophages (D:7)
  2 centaurs
  5 ogres
  A big kobold (D:8)
  A bullfrog (D:8)
  A scorpion (D:7)
  8 killer bees
  5 wights (D:8)
  4 howler monkeys
  A bullfrog zombie (D:7)
  5 crimson imps
  2 hounds (D:4)
  2 jellies (D:7)
  Crazy Yiuf (D:7)
  6 orc priests
  8 orc wizards
  Ijyb (D:5)
  A centaur skeleton (D:4)
  4 iguanas
  7 worker ants
  2 killer bee zombies
  A hound skeleton (D:8)
  2 worker ant zombies
  7 gnolls (D:3)
  2 howler monkey skeletons
  11 adders
  A shadow imp (D:6)
  2 adder skeletons
  4 dart slugs
  8 leopard geckos
  30 orcs
  14 bats
  8 giant cockroaches
  8 goblins
  10 hobgoblins
  11 jackals
  9 kobolds
  8 quokkas
  A ball python (D:3)
  7 frilled lizards
  4 leopard gecko skeletons
  3 quokka skeletons
  2 quokka zombies (D:7)
  3 rats
  A fungus (Lair:1)
244 creatures vanquished.

Vanquished Creatures (others)
  A kobold (D:8)
1 creature vanquished.

Grand Total: 245 creatures vanquished

Notes
Turn   | Place    | Note
-------+----------+-------------------------------------------
     0 | D:1      | KillYourself the Minotaur Fighter began the quest for the Orb.
     0 | D:1      | Reached XP level 1. HP: 19/19 MP: 0/0
   138 | D:1      | Reached XP level 2. HP: 27/27 MP: 1/1
   180 | D:1      | Reached skill level 3 in Axes
   341 | D:1      | Reached XP level 3. HP: 33/33 MP: 2/2
   908 | D:2      | Found a shadowy altar of Dithmenos.
   947 | D:2      | Reached skill level 1 in Dodging
   947 | D:2      | Reached XP level 4. HP: 39/40 MP: 3/3
   993 | D:2      | Reached skill level 4 in Axes
  1213 | D:2      | Found an ornate altar of the Wu Jian Council.
  1214 | D:2      | Found a transporter.
  1215 | D:2      | Found a burning altar of Makhleb.
  1231 | D:2      | Found a transporter.
  1254 | D:2      | Reached XP level 5. HP: 37/46 MP: 4/4
  1262 | D:2      | Reached skill level 5 in Axes
  1296 | D:2      | Became a worshipper of Makhleb the Destroyer
  1669 | D:3      | Reached skill level 5 in Armour
  1669 | D:3      | Reached XP level 6. HP: 37/52 MP: 5/5
  1783 | D:3      | Reached * piety under Makhleb
  1914 | D:3      | Reached skill level 6 in Axes
  2190 | D:3      | Found a glowing golden altar of the Shining One.
  2493 | D:4      | Found a staircase to the Ecumenical Temple.
  2503 | Temple   | Entered the Ecumenical Temple
  2581 | D:4      | Reached skill level 7 in Axes
  2581 | D:4      | Reached XP level 7. HP: 60/60 MP: 6/6
  2656 | D:4      | Reached ** piety under Makhleb
  2666 | D:4      | Found an ancient bone altar of Kikubaaqudgha.
  2851 | D:4      | Reached skill level 8 in Axes
  3107 | D:5      | Entered Level 5 of the Dungeon
  3123 | D:5      | Found Afoteetu's Armour Boutique.
  3158 | D:5      | Noticed Ijyb
  3169 | D:5      | Killed Ijyb
  3190 | D:5      | Found a transporter.
  3229 | D:5      | Found a transporter.
  4140 | D:6      | Reached skill level 5 in Fighting
  4140 | D:6      | Reached skill level 5 in Shields
  4178 | D:6      | Reached XP level 8. HP: 43/68 MP: 7/7
  4205 | D:6      | Found a bloodstained altar of Trog.
  4285 | D:6      | Reached skill level 9 in Axes
  4419 | D:6      | Noticed a two-headed ogre
  4432 | D:6      | Killed a two-headed ogre
  4432 | D:6      | Reached skill level 10 in Axes
  4588 | D:6      | Found a white marble altar of Elyvilon.
  4596 | D:6      | Got an ancient silver ring
  4601 | D:6      | Identified the ring "Fec Paell" {rF- MR+++ MP+9 Str+2 Slay+2} (You found it on level 6 of the Dungeon)
  4677 | D:6      | Reached XP level 9. HP: 74/74 MP: 8/8
  4937 | D:6      | Found a basalt altar of Yredelemnul.
  5003 | D:6      | Reached skill level 11 in Axes
  5075 | D:7      | Noticed a troll
  5111 | D:7      | Killed a troll
  5130 | D:7      | Reached skill level 12 in Axes
  5144 | D:7      | Reached *** piety under Makhleb
  5281 | D:7      | Found a bloodstained altar of Trog.
  5313 | D:7      | Found a runed door.
  5567 | D:7      | Identified the Almanac of the Pill Bug
  5662 | D:7      | Noticed Crazy Yiuf
  5667 | D:7      | Killed Crazy Yiuf
  5706 | D:8      | Reached XP level 10. HP: 84/84 MP: 9/9
  5837 | D:8      | Reached skill level 13 in Axes
  5956 | D:8      | Reached **** piety under Makhleb
  6249 | D:9      | Found a white marble altar of Elyvilon.
  6379 | D:9      | Found a staircase to the Lair.
  6388 | Lair:1   | Entered Level 1 of the Lair of Beasts
  6412 | Lair:1   | Noticed a spiny frog
  6413 | Lair:1   | Noticed a spiny frog
  6418 | Lair:1   | Killed a spiny frog
  6418 | Lair:1   | Reached skill level 14 in Axes
  6425 | Lair:1   | Killed a spiny frog
  6430 | Lair:1   | Gained mutation: You do not regenerate when monsters are visible. [potion of mutation]
  6430 | Lair:1   | Gained mutation: You can translocate small distances at will. [potion of mutation]
  6430 | Lair:1   | Gained mutation: You have a pair of large horns on your head. [potion of mutation]
  6460 | Lair:1   | Noticed a smoke demon
  6461 | Lair:1   | Noticed a smoke demon
  6479 | Lair:1   | Killed from afar by a smoke demon

Vault maps used:
D:1:      dpeg_arrival_water_temple_mockup
D:2:      gammafunk_temple_overflow_arena, st_stairs_1,
          nicolae_dithmenos_shadow_blocks
D:3:      tso_altar
D:4:      marbit_many_paths, minmay_temple_entry_purple_smoke, first_ration
D:5:      gammafunk_wand_slinger, serial_shops, nicolae_shop_behind_doors,
          uniq_ijyb
D:6:      kennysheep_ying_yang, trog_three_pillars_becter
D:7:      cheibrodos_fzero, basic_altar, uniq_crazy_yiuf_cottage
D:9:      grunt_qazlal_clouds, nicolae_overflow_hidden_temple,
          gammafunk_temple_overflow_wave, lair_entry_dummy, basic_altar,
          grunt_livestock
Temple:   nicolae_temple_x_marks_the_god

Skill      XL: |  1  2  3  4  5  6  7  8  9 10 |
---------------+-------------------------------+-----
Axes           | 3 4 5 7 8 10 12 14 | 14.2
Armour         | 4 5 6 7 |  7.8
Shields        | 4 5 6 7 |  7.9
Fighting       | 4 5 6 |  6.9
Dodging        | 1 2 3 |  3.4
Stealth        | |  0.6

Action                   |  1- 3 |  4- 6 |  7- 9 | 10-12 || total
-------------------------+-------+-------+-------+-------++-------
Melee: War axe           |    92 |   152 |   231 |   119 ||   594
       Headbutt          |    11 |    23 |    37 |    21 ||    92
Invok: Lesser Servant of |       |       |       |     2 ||     2
  Use: Scroll            |       |    12 |    10 |       ||    22
       Potion            |       |     6 |       |     5 ||    11
  Eat: Chunk             |       |     6 |     9 |     3 ||    18
Armor: Scale mail        |    58 |    64 |    79 |       ||   201
       Plate armour      |       |       |     2 |    40 ||    42
       Skin              |       |       |     1 |       ||     1
Dodge: Dodged            |    37 |    60 |    73 |    21 ||   191
Block: Shield            |    56 |    84 |   127 |    77 ||   344
       Reflection        |       |       |       |     7 ||     7

Table legend:
 A = Spawn XP
 B = Non-spawn XP
 C = Spawn XP percentage of total XP
 D = Spawn monster count
 E = Non-spawn monster count
 F = Spawn count percentage of total count
 G = Total turns spent on level
                    A         B        C        D         E        F      G
               +---------+---------+-------+---------+---------+-------+---------
         Total |       0 |    8690 |   0.0 |       0 |     243 |   0.0 |  6479
               +---------+---------+-------+---------+---------+-------+---------
           D:1 |       0 |      52 |   0.0 |       0 |      26 |   0.0 |   672
           D:2 |       0 |     240 |   0.0 |       0 |      32 |   0.0 |   847
           D:3 |       0 |     283 |   0.0 |       0 |      45 |   0.0 |   937
           D:4 |       0 |     621 |   0.0 |       0 |      25 |   0.0 |   591
           D:5 |       0 |      81 |   0.0 |       0 |       5 |   0.0 |  1023
           D:6 |       0 |    1963 |   0.0 |       0 |      24 |   0.0 |   945
           D:7 |       0 |    2157 |   0.0 |       0 |      37 |   0.0 |   620
           D:8 |       0 |    1580 |   0.0 |       0 |      38 |   0.0 |   528
           D:9 |       0 |     891 |   0.0 |       0 |       9 |   0.0 |   165
        Lair:1 |       0 |     822 |   0.0 |       0 |       2 |   0.0 |    91
               +---------+---------+-------+---------+---------+-------+---------
